[Event "Live Chess"]
[Site "Chess.com"]
[Date "2010.12.28"]
[Round "-"]
[White "lolagotit"]
[Black "hipposcottimus"]
[Result "1-0"]
[CurrentPosition "r2q1rk1/p1p3pp/Rp1bp3/3p1p2/1PPPn3/4PN2/1P1NQPPP/1BB2RK1 b - -"]
[Timezone "UTC"]
[ECO "D02"]
[ECOUrl "https://www.chess.com/openings/Queens-Pawn-Opening-Zukertort-Variation"]
[UTCDate "2010.12.28"]
[UTCTime "03:23:45"]
[WhiteElo "1505"]
[BlackElo "1455"]
[TimeControl "300+5"]
[Termination "lolagotit won by resignation"]
[StartTime "03:23:45"]
[EndDate "2010.12.28"]
[EndTime "03:26:01"]
[Link "https://www.chess.com/game/live/81712841"]

1. d4 d5 2. Nf3 f5 3. e3 Nc6 4. Bd3 e6 5. Nbd2 Nf6 6. O-O Bd6 7. Qe2 O-O 8. c4 Nb4 9. Bb1 b6 10. a3 Ba6 11. axb4 Ne4 12. Rxa6 1-0

[Event "Live Chess"]
[Site "Chess.com"]
[Date "2010.12.28"]
[Round "-"]
[White "westend"]
[Black "hipposcottimus"]
[Result "0-1"]
[CurrentPosition "r3kb2/ppp2pp1/8/1q1p4/8/4P1P1/P1P2P2/RN2K3 w Qq -"]
[Timezone "UTC"]
[ECO "D00"]
[ECOUrl "https://www.chess.com/openings/Queens-Pawn-Opening-Accelerated-London-System-2...Nf6-3.e3"]
[UTCDate "2010.12.28"]
[UTCTime "03:19:21"]
[WhiteElo "1309"]
[BlackElo "1462"]
[TimeControl "300"]
[Termination "hipposcottimus won by resignation"]
[StartTime "03:19:21"]
[EndDate "2010.12.28"]
[EndTime "03:21:37"]
[Link "https://www.chess.com/game/live/81711960"]

1. d4 d5 2. Bf4 Nf6 3. e3 Nc6 4. Nf3 Nh5 5. Bg3 Nxg3 6. hxg3 Bg4 7. Bd3 e5 8. dxe5 Nxe5 9. Rxh7 Rxh7 10. Bxh7 Qf6 11. Bd3 Nxf3+ 12. gxf3 Bxf3 13. Be2 Bxe2 14. Qxe2 Qxb2 15. Qb5+ Qxb5 0-1

[Event "Live Chess"]
[Site "Chess.com"]
[Date "2010.12.28"]
[Round "-"]
[White "hipposcottimus"]
[Black "ventrue7"]
[Result "1-0"]
[CurrentPosition "5R1k/p3Q2p/2bp3B/2p5/2P1q3/8/Pr4PP/R6K b - -"]
[Timezone "UTC"]
[ECO "B20"]
[ECOUrl "https://www.chess.com/openings/Sicilian-Defense"]
[UTCDate "2010.12.28"]
[UTCTime "00:32:36"]
[WhiteElo "1625"]
[BlackElo "1629"]
[TimeControl "60"]
[Termination "hipposcottimus won by checkmate"]
[StartTime "00:32:36"]
[EndDate "2010.12.28"]
[EndTime "00:34:22"]
[Link "https://www.chess.com/game/live/81675865"]

1. e4 c5 2. Bb5 Nc6 3. Bxc6 bxc6 4. c4 d6 5. Nc3 Nf6 6. d3 g6 7. Nf3 Bg7 8. Be3 O-O 9. O-O Bg4 10. d4 cxd4 11. Bxd4 c5 12. Be3 Nd7 13. Qd3 Ne5 14. Nxe5 Bxe5 15. f3 Bd7 16. Qd2 Qa5 17. Bh6 Rfb8 18. f4 Bxc3 19. bxc3 Qa3 20. f5 Rb2 21. Qg5 Qxc3 22. Qxe7 Qd4+ 23. Kh1 Bc6 24. fxg6 Qxe4 25. gxf7+ Kh8 26. f8=Q+ Rxf8 27. Rxf8# 1-0

[Event "Live Chess"]
[Site "Chess.com"]
[Date "2010.12.28"]
[Round "-"]
[White "hipposcottimus"]
[Black "greatpretender133"]
[Result "1-0"]
[CurrentPosition "2kr4/1bpp1p2/pp5Q/3PP3/3b3q/2N2R2/PP2B1PP/R1BQ3K b - -"]
[Timezone "UTC"]
[ECO "C00"]
[ECOUrl "https://www.chess.com/openings/French-Defense-Normal-Variation"]
[UTCDate "2010.12.28"]
[UTCTime "00:13:32"]
[WhiteElo "1457"]
[BlackElo "1372"]
[TimeControl "240+4"]
[Termination "hipposcottimus won by resignation"]
[StartTime "00:13:32"]
[EndDate "2010.12.28"]
[EndTime "00:18:14"]
[Link "https://www.chess.com/game/live/81671632"]

1. e4 e6 2. d4 Be7 3. c4 Nc6 4. Nc3 Nf6 5. d5 exd5 6. cxd5 Ne5 7. f4 Ng6 8. e5 Ng8 9. Nf3 a6 10. Be2 b6 11. O-O Bb7 12. f5 Nh4 13. f6 Bc5+ 14. Kh1 Nxf3 15. fxg7 Qh4 16. Rxf3 O-O-O 17. gxh8=Q Nh6 18. Qxh7 Bd4 19. Qxh6 1-0

[Event "Live Chess"]
[Site "Chess.com"]
[Date "2010.12.28"]
[Round "-"]
[White "hipposcottimus"]
[Black "jouke001"]
[Result "1-0"]
[CurrentPosition "6Qk/3B4/5N2/p6p/8/8/PPP2PPP/5RK1 b - -"]
[Timezone "UTC"]
[ECO "C41"]
[ECOUrl "https://www.chess.com/openings/Philidor-Defense"]
[UTCDate "2010.12.28"]
[UTCTime "00:07:23"]
[WhiteElo "1617"]
[BlackElo "1266"]
[TimeControl "60"]
[Termination "hipposcottimus won by checkmate"]
[StartTime "00:07:23"]
[EndDate "2010.12.28"]
[EndTime "00:09:10"]
[Link "https://www.chess.com/game/live/81669921"]

1. e4 d6 2. Nf3 e5 3. d4 Be6 4. d5 Bg4 5. Nc3 Bxf3 6. Qxf3 Nf6 7. Bb5+ c6 8. dxc6 bxc6 9. Ba4 a5 10. Bb3 Qd7 11. Bg5 h6 12. Bxf6 gxf6 13. O-O Bg7 14. Rad1 f5 15. Na4 fxe4 16. Qxe4 Qe6 17. Nb6 Qe7 18. Nxa8 Nd7 19. Qxc6 f6 20. Rxd6 h5 21. Re6 Bf8 22. Rxe7+ Bxe7 23. Nc7+ Kf8 24. Be6 Kg7 25. Bxd7 Bf8 26. Qe6 Rg8 27. Ne8+ Kg6 28. Nxf6 Kg7 29. Ne8+ Kh7 30. Qxe5 Rg7 31. Qf5+ Rg6 32. Qxf8 Rg8 33. Nf6+ Kh8 34. Qxg8# 1-0

[Event "Live Chess"]
[Site "Chess.com"]
[Date "2010.12.27"]
[Round "-"]
[White "ausit"]
[Black "hipposcottimus"]
[Result "1-0"]
[CurrentPosition "8/8/1Q4p1/1PB3k1/4P3/8/6PP/6K1 b - -"]
[Timezone "UTC"]
[ECO "A10"]
[ECOUrl "https://www.chess.com/openings/English-Opening-Jaenisch-Gambit"]
[UTCDate "2010.12.27"]
[UTCTime "23:39:24"]
[WhiteElo "1327"]
[BlackElo "1451"]
[TimeControl "240+10"]
[Termination "ausit won on time"]
[StartTime "23:39:24"]
[EndDate "2010.12.27"]
[EndTime "23:58:42"]
[Link "https://www.chess.com/game/live/81662508"]

1. c4 b5 2. Na3 bxc4 3. Nxc4 d5 4. Ne5 f6 5. Qa4+ Bd7 6. Nxd7 Nxd7 7. e3 e5 8. Nf3 Bd6 9. Be2 Ne7 10. O-O O-O 11. d3 Nb6 12. Qh4 Ng6 13. Qh3 f5 14. a4 e4 15. dxe4 fxe4 16. Nd4 Be7 17. a5 c5 18. Nc6 Qc7 19. Nxe7+ Qxe7 20. axb6 axb6 21. Ra3 c4 22. Rc3 b5 23. Bd2 b4 24. Rcc1 b3 25. Ra1 Qc5 26. Bc3 Ra2 27. Qd7 Ne7 28. Qe6+ Rf7 29. Bd4 Qb4 30. f3 Rxa1 31. Rxa1 Qb8 32. fxe4 Qc8 33. exd5 Qxe6 34. dxe6 Rf8 35. Bxc4 Nc6 36. Bxb3 Rb8 37. Bd5 Ne7 38. Be5 Rc8 39. b4 Nxd5 40. b5 Kf8 41. Ra7 g6 42. e4 Nb6 43. Rxh7 Rc5 44. Bd6+ Kg8 45. Bxc5 Kxh7 46. e7 Kg7 47. e8=Q Kf6 48. Qc6+ Kg5 49. Qxb6 1-0

[Event "Live Chess"]
[Site "Chess.com"]
[Date "2010.12.27"]
[Round "-"]
[White "BrazilCoup"]
[Black "hipposcottimus"]
[Result "1-0"]
[CurrentPosition "8/p1p1r1kp/2Kp4/2p5/8/2N5/PPP5/8 b - -"]
[Timezone "UTC"]
[ECO "C23"]
[ECOUrl "https://www.chess.com/openings/Bishops-Opening-2...Nc6"]
[UTCDate "2010.12.27"]
[UTCTime "23:30:13"]
[WhiteElo "1680"]
[BlackElo "1615"]
[TimeControl "60"]
[Termination "BrazilCoup won on time"]
[StartTime "23:30:13"]
[EndDate "2010.12.27"]
[EndTime "23:32:21"]
[Link "https://www.chess.com/game/live/81661011"]

1. e4 e5 2. Bc4 Nc6 3. f4 Nf6 4. Nc3 exf4 5. Nf3 d6 6. d4 Bg4 7. O-O Be7 8. Bxf4 O-O 9. h3 Bh5 10. g4 Nxg4 11. hxg4 Bxg4 12. Rf2 g5 13. Be3 Qd7 14. Rg2 Bh5 15. Qf1 Kh8 16. Nxg5 Rg8 17. Nxf7+ Bxf7 18. Qxf7 Rxg2+ 19. Kxg2 Rg8+ 20. Kf2 Qh3 21. Rg1 Bh4+ 22. Ke2 Rxg1 23. Qf8+ Rg8 24. Qf7 Qg2+ 25. Kd3 Qf1+ 26. Ne2 Qxf7 27. d5 Rf8 28. Bd4+ Kg8 29. Kc3 Bf6 30. dxc6 Bxd4+ 31. Kxd4 Kg7 32. Bxf7 Rxf7 33. Nc3 bxc6 34. Na4 c5+ 35. Kc4 Rf4 36. Kb5 Rxe4 37. Nc3 Re7 38. Kc6 1-0

[Event "Live Chess"]
[Site "Chess.com"]
[Date "2010.12.27"]
[Round "-"]
[White "hipposcottimus"]
[Black "monte21"]
[Result "1-0"]
[CurrentPosition "1r4kr/p1p3pp/8/8/3b4/1P6/PB1P1PPP/Q4K1R b - -"]
[Timezone "UTC"]
[ECO "C55"]
[ECOUrl "https://www.chess.com/openings/Italian-Game-Two-Knights-Defense"]
[UTCDate "2010.12.27"]
[UTCTime "23:14:21"]
[WhiteElo "1622"]
[BlackElo "1384"]
[TimeControl "60"]
[Termination "hipposcottimus won on time"]
[StartTime "23:14:21"]
[EndDate "2010.12.27"]
[EndTime "23:16:06"]
[Link "https://www.chess.com/game/live/81657233"]

1. e4 e5 2. Nf3 Nf6 3. Bc4 Nc6 4. Ng5 d5 5. exd5 Nxd5 6. Nxf7 Kxf7 7. Qf3+ Ke6 8. Nc3 Nb4 9. Ne4 Nxc2+ 10. Kf1 Nxa1 11. Nc5+ Ke7 12. Bxd5 Kd6 13. Nxb7+ Bxb7 14. Bxb7 Rb8 15. Qd5+ Ke7 16. Qxe5+ Kf7 17. Bd5+ Qxd5 18. Qxd5+ Kg6 19. Qd3+ Kf7 20. Qb1 Kg8 21. Qxa1 Bc5 22. b3 Bd4 23. Bb2 1-0

[Event "Live Chess"]
[Site "Chess.com"]
[Date "2010.12.16"]
[Round "-"]
[White "pappyspud"]
[Black "hipposcottimus"]
[Result "1-0"]
[CurrentPosition "r3kb1r/pppb1qpp/2np1pn1/3N4/4PP2/1B2QN1P/PPPB2P1/2KR3R w kq -"]
[Timezone "UTC"]
[ECO "C22"]
[ECOUrl "https://www.chess.com/openings/Center-Game-Accepted-Paulsen-Attack"]
[UTCDate "2010.12.16"]
[UTCTime "07:22:20"]
[WhiteElo "2093"]
[BlackElo "1619"]
[TimeControl "60"]
[Termination "pappyspud won by resignation"]
[StartTime "07:22:20"]
[EndDate "2010.12.16"]
[EndTime "07:23:35"]
[Link "https://www.chess.com/game/live/77793937"]

1. e4 e5 2. d4 exd4 3. Qxd4 Nc6 4. Qe3 d6 5. Bb5 f6 6. Nc3 Ne7 7. Ba4 Bd7 8. Bb3 Ne5 9. Bd2 N7c6 10. h3 Be7 11. f4 Ng6 12. O-O-O Bf8 13. Nf3 Qe7 14. Nd5 Qf7 1-0

[Event "Live Chess"]
[Site "Chess.com"]
[Date "2010.12.16"]
[Round "-"]
[White "bajobajo"]
[Black "hipposcottimus"]
[Result "1-0"]
[CurrentPosition "5Qk1/P5pp/4p3/2PpN3/3PpP1q/4P2P/4n1PK/1R6 b - -"]
[Timezone "UTC"]
[ECO "D02"]
[ECOUrl "https://www.chess.com/openings/Queens-Pawn-Opening-Zukertort-Variation-2...c6-3.Bf4"]
[UTCDate "2010.12.16"]
[UTCTime "07:19:40"]
[WhiteElo "1774"]
[BlackElo "1620"]
[TimeControl "60"]
[Termination "bajobajo won on time"]
[StartTime "07:19:40"]
[EndDate "2010.12.16"]
[EndTime "07:21:54"]
[Link "https://www.chess.com/game/live/77793435"]

1. d4 d5 2. Nf3 c6 3. Bf4 Nd7 4. e3 f5 5. h3 e6 6. Nbd2 Ngf6 7. a3 Nb6 8. c3 Bd6 9. Bxd6 Qxd6 10. Be2 O-O 11. O-O Ne4 12. Nh2 Ng5 13. f4 Ne4 14. Nxe4 fxe4 15. Bg4 Nd7 16. Be2 Nf6 17. c4 b6 18. b4 a6 19. c5 bxc5 20. bxc5 Qc7 21. Rb1 Bd7 22. Qb3 Qd8 23. Qb7 Qe7 24. Ng4 Rab8 25. Qxa6 Bc8 26. Qxc6 Rxb1 27. Rxb1 Bd7 28. Qb6 Nh5 29. Ne5 Nf6 30. a4 Be8 31. a5 Bh5 32. Bxh5 Nxh5 33. a6 Qh4 34. a7 Ng3 35. Qb8 Ne2+ 36. Kh1 Ng3+ 37. Kh2 Ne2 38. Qxf8+ 1-0

[Event "Live Chess"]
[Site "Chess.com"]
[Date "2010.12.16"]
[Round "-"]
[White "hipposcottimus"]
[Black "cleveland"]
[Result "0-1"]
[CurrentPosition "R7/3p1k2/P3p1p1/5pP1/8/7P/6PK/4qq2 w - -"]
[Timezone "UTC"]
[ECO "B00"]
[ECOUrl "https://www.chess.com/openings/Kings-Pawn-Opening-Barnes-Defense-2.d4"]
[UTCDate "2010.12.16"]
[UTCTime "07:09:26"]
[WhiteElo "1461"]
[BlackElo "1353"]
[TimeControl "360"]
[Termination "cleveland won on time"]
[StartTime "07:09:26"]
[EndDate "2010.12.16"]
[EndTime "07:16:32"]
[Link "https://www.chess.com/game/live/77791124"]

1. e4 f6 2. d4 c6 3. Be2 g6 4. Nf3 b6 5. e5 f5 6. Bg5 h6 7. O-O hxg5 8. Nxg5 Bh6 9. Qd2 e6 10. f4 Bxg5 11. fxg5 Qe7 12. Nc3 Qh7 13. h3 Ba6 14. Rae1 Ne7 15. Bxa6 Nxa6 16. b4 Nc7 17. b5 Ncd5 18. Nxd5 cxd5 19. Qe2 Qh5 20. Qd3 Rc8 21. Rc1 Nc6 22. c4 Ne7 23. c5 Kf7 24. cxb6 axb6 25. Qa3 Ra8 26. Qd6 Rhd8 27. Qxb6 Rdb8 28. Qd6 Rd8 29. b6 Nc8 30. Rxc8 Raxc8 31. b7 Rb8 32. Qc7 Qe2 33. Rc1 Qe3+ 34. Kf1 Qxd4 35. Qc8 Qxe5 36. a4 Qf4+ 37. Kg1 Qb4 38. Rc7 Qd4+ 39. Kh2 Qe5+ 40. Kg1 Rdxc8 41. bxc8=Q Rxc8 42. Rxc8 Qe1+ 43. Kh2 Qe5+ 44. Kg1 d4 45. Ra8 d3 46. a5 d2 47. Kf2 d1=Q 48. a6 Qee2+ 49. Kg3 Qde1+ 50. Kh2 Q2f1 0-1

[Event "Live Chess"]
[Site "Chess.com"]
[Date "2010.12.16"]
[Round "-"]
[White "cleveland"]
[Black "hipposcottimus"]
[Result "0-1"]
[CurrentPosition "4r2k/pp5p/4N1p1/3P4/6p1/1P3pPq/P2P1P1P/4R1K1 w - -"]
[Timezone "UTC"]
[ECO "A01"]
[ECOUrl "https://www.chess.com/openings/Nimzowitsch-Larsen-Attack-Modern-Variation"]
[UTCDate "2010.12.16"]
[UTCTime "07:03:30"]
[WhiteElo "1341"]
[BlackElo "1471"]
[TimeControl "360"]
[Termination "hipposcottimus won by resignation"]
[StartTime "07:03:30"]
[EndDate "2010.12.16"]
[EndTime "07:06:23"]
[Link "https://www.chess.com/game/live/77790411"]

1. b3 e5 2. Ba3 e4 3. Bxf8 Kxf8 4. g3 d5 5. Bh3 f5 6. e3 Nf6 7. c3 Kf7 8. Ne2 Re8 9. Nd4 Kg8 10. Na3 c5 11. Ne2 d4 12. cxd4 cxd4 13. Nxd4 Nc6 14. Rc1 Nxd4 15. exd4 Ng4 16. Bxg4 fxg4 17. O-O Qd5 18. Nc2 Qh5 19. Ne3 Rf8 20. Ng2 Rf3 21. Qe2 Bf5 22. Rc3 Rf8 23. Rxf3 exf3 24. Qc4+ Kh8 25. Nf4 Qh6 26. Re1 g6 27. Qe6 Bxe6 28. Nxe6 Re8 29. d5 Qh3 0-1

[Event "Live Chess"]
[Site "Chess.com"]
[Date "2010.12.16"]
[Round "-"]
[White "hipposcottimus"]
[Black "cleveland"]
[Result "1/2-1/2"]
[CurrentPosition "8/6k1/4K3/7Q/8/8/8/8 w - -"]
[Timezone "UTC"]
[ECO "B00"]
[ECOUrl "https://www.chess.com/openings/Owens-Defense-Guatemala-Defense"]
[UTCDate "2010.12.16"]
[UTCTime "06:51:20"]
[WhiteElo "1466"]
[BlackElo "1346"]
[TimeControl "360"]
[Termination "Game drawn by insufficient material"]
[StartTime "06:51:20"]
[EndDate "2010.12.16"]
[EndTime "07:02:24"]
[Link "https://www.chess.com/game/live/77788254"]

1. e4 b6 2. d4 Ba6 3. d5 Bxf1 4. Kxf1 g6 5. f4 Bh6 6. Nf3 d6 7. Kf2 Nd7 8. Rf1 f6 9. Kg1 Kf8 10. Nc3 a6 11. a4 Rc8 12. a5 b5 13. b4 Qe8 14. Nh4 Bg7 15. f5 g5 16. Nf3 Ne5 17. Nxg5 fxg5 18. Bxg5 Bf6 19. Bf4 h6 20. Ne2 Ng4 21. Ng3 Bxa1 22. Qxa1 N4f6 23. e5 dxe5 24. Bxe5 Rh7 25. Qd4 Qf7 26. c4 Rd8 27. Bxc7 Rc8 28. Qb6 e6 29. dxe6 Qxc7 30. Qxa6 Qb7 31. Qd6+ Qe7 32. c5 Qxd6 33. cxd6 Ne7 34. a6 Ra8 35. d7 Nc6 36. Rd1 Ke7 37. Ne2 Rhh8 38. Nd4 Nxd4 39. Rxd4 Rxa6 40. h4 Rd8 41. g4 Nh7 42. Rd5 Ra1+ 43. Kf2 Ra2+ 44. Ke3 Ra3+ 45. Kd4 Rh3 46. g5 Rxh4+ 47. Ke5 Nxg5 48. f6+ Kf8 49. e7+ Kf7 50. exd8=Q Re4+ 51. Kd6 Re6+ 52. Kc5 Ne4+ 53. Kxb5 Nc3+ 54. Kc4 Nxd5 55. Kxd5 Rxf6 56. Qxf6+ Kxf6 57. d8=Q+ Kf5 58. Qh4 Kg6 59. b5 Kf7 60. b6 Kg6 61. Qxh6+ Kxh6 62. b7 Kg6 63. b8=Q Kf6 64. Qe5+ Kg6 65. Ke6 Kh6 66. Qf5 Kg7 67. Qf6+ Kh7 68. Ke7 Kg8 69. Qf7+ Kh8 70. Qh5+ Kg8 71. Ke6 Kg7 1/2-1/2

[Event "Live Chess"]
[Site "Chess.com"]
[Date "2010.12.16"]
[Round "-"]
[White "cleveland"]
[Black "hipposcottimus"]
[Result "0-1"]
[CurrentPosition "4R3/p4kpp/2p5/p2p1b2/2q5/P4P2/1r1K2PP/4R3 w - -"]
[Timezone "UTC"]
[ECO "A06"]
[ECOUrl "https://www.chess.com/openings/Reti-Opening-1...d5"]
[UTCDate "2010.12.16"]
[UTCTime "06:44:49"]
[WhiteElo "1343"]
[BlackElo "1469"]
[TimeControl "360"]
[Termination "hipposcottimus won by resignation"]
[StartTime "06:44:49"]
[EndDate "2010.12.16"]
[EndTime "06:50:36"]
[Link "https://www.chess.com/game/live/77787074"]

1. Nf3 d5 2. Ne5 f6 3. Nf7 Kxf7 4. d4 f5 5. e3 Nf6 6. c4 e6 7. Nc3 Bb4 8. Bd2 Bxc3 9. Bxc3 Rf8 10. Qb3 Kg8 11. O-O-O Nc6 12. a3 b6 13. f3 Na5 14. Bxa5 bxa5 15. Qb5 c6 16. Qa4 Bd7 17. Qc2 Rb8 18. Kd2 Rb7 19. Rb1 dxc4 20. Bxc4 Nd5 21. Bxd5 exd5 22. Rhe1 f4 23. exf4 Rxf4 24. Qc3 Qf6 25. Re5 Bf5 26. Rbe1 Qh4 27. Re8+ Kf7 28. Qc5 Rxd4+ 29. Kc3 Rc4+ 30. Qxc4 Qxc4+ 31. Kd2 Rxb2+ 0-1

[Event "Live Chess"]
[Site "Chess.com"]
[Date "2010.12.16"]
[Round "-"]
[White "hipposcottimus"]
[Black "cleveland"]
[Result "1-0"]
[CurrentPosition "8/N5p1/5p1p/3k4/4p3/2R4P/1PP3P1/3K4 b - -"]
[Timezone "UTC"]
[ECO "B01"]
[ECOUrl "https://www.chess.com/openings/Scandinavian-Defense-Mieses-Kotrc-Variation-3.Nc3-Qd8-4.Nf3"]
[UTCDate "2010.12.16"]
[UTCTime "06:38:53"]
[WhiteElo "1464"]
[BlackElo "1348"]
[TimeControl "360"]
[Termination "hipposcottimus won by resignation"]
[StartTime "06:38:53"]
[EndDate "2010.12.16"]
[EndTime "06:44:07"]
[Link "https://www.chess.com/game/live/77786015"]

1. e4 d5 2. exd5 Qxd5 3. Nc3 Qd8 4. Nf3 Nf6 5. d4 Nc6 6. Bg5 h6 7. Bxf6 exf6 8. Bb5 Bd7 9. d5 Ne5 10. Qe2 Qe7 11. O-O-O Nxf3 12. Bxd7+ Kxd7 13. Qb5+ c6 14. Qxb7+ Kd6 15. dxc6+ Ke6 16. Qxa8 Ne5 17. Rhe1 Kf5 18. Qc8+ Qe6 19. Qxe6+ Kxe6 20. c7 Bb4 21. f4 Rc8 22. fxe5 fxe5 23. Re3 Rxc7 24. Nb5 Rd7 25. Rxd7 Kxd7 26. Nxa7 Bc5 27. Rd3+ Ke6 28. Nb5 f6 29. Rc3 Bg1 30. h3 Bh2 31. a4 Bf4+ 32. Kd1 Kd5 33. a5 e4 34. a6 Bb8 35. a7 Bxa7 36. Nxa7 1-0

[Event "Live Chess"]
[Site "Chess.com"]
[Date "2010.12.16"]
[Round "-"]
[White "cleveland"]
[Black "hipposcottimus"]
[Result "0-1"]
[CurrentPosition "r4rk1/p5pp/B1p5/q2p4/P7/1P2PbP1/2P4P/2KR3R w - -"]
[Timezone "UTC"]
[ECO "D00"]
[ECOUrl "https://www.chess.com/openings/Queens-Pawn-Opening-Accelerated-London-System-2...Nf6"]
[UTCDate "2010.12.16"]
[UTCTime "06:34:47"]
[WhiteElo "1354"]
[BlackElo "1458"]
[TimeControl "360"]
[Termination "hipposcottimus won by resignation"]
[StartTime "06:34:47"]
[EndDate "2010.12.16"]
[EndTime "06:38:26"]
[Link "https://www.chess.com/game/live/77785242"]

1. d4 d5 2. Bf4 Nf6 3. Bg5 Ne4 4. Bf4 e6 5. Nd2 Nd6 6. Bxd6 Bxd6 7. e3 O-O 8. Bd3 f5 9. Ngf3 c5 10. b3 cxd4 11. Nxd4 Nc6 12. Nxc6 bxc6 13. Qe2 e5 14. Ba6 Bd7 15. Bd3 e4 16. Ba6 f4 17. exf4 Bxf4 18. g3 e3 19. Nf3 Bh6 20. O-O-O Qa5 21. a4 Bg4 22. Qxe3 Bxe3+ 23. fxe3 Bxf3 0-1

[Event "Live Chess"]
[Site "Chess.com"]
[Date "2010.12.16"]
[Round "-"]
[White "hipposcottimus"]
[Black "cleveland"]
[Result "1-0"]
[CurrentPosition "k7/P1B3p1/1p5p/8/8/8/6PP/R5K1 b - -"]
[Timezone "UTC"]
[ECO "C00"]
[ECOUrl "https://www.chess.com/openings/Pirc-Defense-Small-Center-Defense"]
[UTCDate "2010.12.16"]
[UTCTime "06:27:17"]
[WhiteElo "1452"]
[BlackElo "1360"]
[TimeControl "360"]
[Termination "hipposcottimus won by resignation"]
[StartTime "06:27:17"]
[EndDate "2010.12.16"]
[EndTime "06:34:02"]
[Link "https://www.chess.com/game/live/77783857"]

1. e4 e6 2. d4 d6 3. d5 e5 4. f4 Nd7 5. fxe5 Nxe5 6. Nf3 Nxf3+ 7. Qxf3 Qf6 8. Qc3 Qxc3+ 9. Nxc3 a6 10. Bd3 f6 11. O-O Ne7 12. a4 Bd7 13. b4 b6 14. a5 b5 15. Bf4 O-O-O 16. Na2 Ng6 17. Bg3 Be7 18. c4 bxc4 19. Bxc4 Bb5 20. Bxb5 axb5 21. Nc3 Kb7 22. Nxb5 Ra8 23. Rfc1 Rhc8 24. Rc6 Ra6 25. Rxa6 Kxa6 26. Nd4 Nf8 27. b5+ Kb7 28. a6+ Ka7 29. Nc6+ Ka8 30. Nxe7 Re8 31. b6 cxb6 32. Bxd6 Nd7 33. a7 Ne5 34. Nc6 Nc4 35. Bc7 Rc8 36. d6 Nxd6 37. Bxd6 Rxc6 38. Bg3 Re6 39. Bf2 Rc6 40. Bd4 h6 41. e5 fxe5 42. Bxe5 Rc7 43. Bxc7 1-0

[Event "Live Chess"]
[Site "Chess.com"]
[Date "2010.12.16"]
[Round "-"]
[White "cleveland"]
[Black "hipposcottimus"]
[Result "0-1"]
[CurrentPosition "6K1/3q4/5k2/8/8/8/8/8 w - -"]
[Timezone "UTC"]
[ECO "A00"]
[ECOUrl "https://www.chess.com/openings/Mieses-Opening-Reversed-Rat-Variation"]
[UTCDate "2010.12.16"]
[UTCTime "06:16:29"]
[WhiteElo "1366"]
[BlackElo "1446"]
[TimeControl "360"]
[Termination "hipposcottimus won by resignation"]
[StartTime "06:16:29"]
[EndDate "2010.12.16"]
[EndTime "06:26:40"]
[Link "https://www.chess.com/game/live/77781684"]

1. d3 e5 2. e3 Ne7 3. h3 d5 4. a3 f5 5. b3 d4 6. g3 dxe3 7. Bxe3 f4 8. gxf4 exf4 9. Bxf4 Qd4 10. c3 Qxf4 11. Qf3 Qc1+ 12. Qd1 Qh6 13. Qd2 Qb6 14. b4 Nec6 15. Qe3+ Be7 16. Qxb6 axb6 17. Nd2 O-O 18. Ne2 Re8 19. Kd1 Bf6 20. d4 Bf5 21. Ng3 Bg6 22. Bg2 Ra4 23. Bxc6 Nxc6 24. Re1 Rxe1+ 25. Kxe1 Nxb4 26. cxb4 Bxd4 27. Ra2 Bf7 28. Rc2 c5 29. bxc5 bxc5 30. Nf3 Bg6 31. Rc1 Rxa3 32. Nxd4 cxd4 33. Rc8+ Kf7 34. Ne2 d3 35. Nc1 Ra1 36. Kd2 b5 37. Rd8 Ke6 38. Nxd3 Ra2+ 39. Ke3 Ra3 40. Ke2 Ra2+ 41. Ke3 Ra3 42. Ke2 Bh5+ 43. f3 Ra2+ 44. Ke3 Ra1 45. Nf4+ Ke7 46. Rb8 Ra3+ 47. Kf2 Rxf3+ 48. Kg2 Rxf4 49. Rxb5 g6 50. Kg3 Rf3+ 51. Kg2 Rf5 52. Rb1 h6 53. Re1+ Kd6 54. Re8 Bf3+ 55. Kg1 h5 56. Rg8 g5 57. Rg6+ Ke5 58. Rh6 Rf4 59. Ra6 Kf5 60. Ra5+ Kf6 61. Ra6+ Ke5 62. Ra5+ Kf6 63. Ra6+ Kf5 64. Ra5+ Kg6 65. Ra6+ Rf6 66. Ra8 g4 67. hxg4 hxg4 68. Rg8+ Kh5 69. Rh8+ Kg5 70. Rg8+ Rg6 71. Ra8 Kh4 72. Rh8+ Kg3 73. Ra8 Re6 74. Ra1 Re2 75. Rf1 Rg2+ 76. Kh1 Rf2+ 77. Kg1 Rxf1+ 78. Kxf1 Kh2 79. Kf2 g3+ 80. Kxf3 g2 81. Ke4 g1=Q 82. Ke5 Qg4 83. Kd5 Kg3 84. Ke5 Kf3 85. Kd5 Ke3 86. Ke5 Qe4+ 87. Kd6 Qf5 88. Kc6 Kd4 89. Kd6 Qd5+ 90. Ke7 Qc6 91. Kf7 Ke5 92. Ke7 Qe6+ 93. Kf8 Qd7 94. Kg8 Kf6 0-1

[Event "Live Chess"]
[Site "Chess.com"]
[Date "2010.12.16"]
[Round "-"]
[White "hipposcottimus"]
[Black "cleveland"]
[Result "1-0"]
[CurrentPosition "4R3/3Bk3/3pP1Kp/3Pr1p1/2P5/4b3/6PP/8 b - -"]
[Timezone "UTC"]
[ECO "C00"]
[ECOUrl "https://www.chess.com/openings/Pirc-Defense-Small-Center-Defense"]
[UTCDate "2010.12.16"]
[UTCTime "06:08:48"]
[WhiteElo "1439"]
[BlackElo "1373"]
[TimeControl "360"]
[Termination "hipposcottimus won by checkmate"]
[StartTime "06:08:48"]
[EndDate "2010.12.16"]
[EndTime "06:15:17"]
[Link "https://www.chess.com/game/live/77780340"]

1. e4 e6 2. d4 d6 3. Nf3 h6 4. c4 a6 5. d5 e5 6. Nfd2 b6 7. Be2 Bb7 8. O-O Nd7 9. f4 Qe7 10. fxe5 Nxe5 11. Nf3 Nxf3+ 12. Bxf3 O-O-O 13. a4 a5 14. Bd2 Ba6 15. b4 axb4 16. Bxb4 Qd7 17. a5 Kb8 18. axb6 cxb6 19. Rxa6 Qb7 20. Qa4 Rd7 21. Ra8+ Qxa8 22. Qxd7 Qb7 23. Qe8+ Qc8 24. Qxf7 Nf6 25. Nc3 Qd7 26. Qe6 Qxe6 27. dxe6 Be7 28. Nd5 Re8 29. Nxb6 Kb7 30. Nd5 Nxd5 31. exd5 Rf8 32. Ra1 Ra8 33. Rb1 Kc7 34. Bh5 Rb8 35. Bf7 Kd8 36. Ba5+ Kc8 37. Ra1 Ra8 38. Kf2 Bd8 39. Be8 Bxa5 40. Bd7+ Kd8 41. Rf1 Bb6+ 42. Kf3 Ra3+ 43. Ke4 Re3+ 44. Kf4 g5+ 45. Kf5 Re5+ 46. Kg6 Be3 47. Rf8+ Ke7 48. Re8# 1-0